%YAML 1.1
%TAG !u! tag:unity3d.com,2011:
--- !u!1 &6510587830979002594
GameObject:
  m_ObjectHideFlags: 0
  m_CorrespondingSourceObject: {fileID: 0}
  m_PrefabInstance: {fileID: 0}
  m_PrefabAsset: {fileID: 0}
  serializedVersion: 6
  m_Component:
  - component: {fileID: 4578822882965576169}
  - component: {fileID: 5333345838647282160}
  - component: {fileID: 1936275393008025198}
  - component: {fileID: 5017543936757879476}
  - component: {fileID: 2149904671501990188}
  m_Layer: 9
  m_Name: Mesh
  m_TagString: Untagged
  m_Icon: {fileID: 0}
  m_NavMeshLayer: 0
  m_StaticEditorFlags: 8
  m_IsActive: 1
--- !u!4 &4578822882965576169
Transform:
  m_ObjectHideFlags: 0
  m_CorrespondingSourceObject: {fileID: 0}
  m_PrefabInstance: {fileID: 0}
  m_PrefabAsset: {fileID: 0}
  m_GameObject: {fileID: 6510587830979002594}
  m_LocalRotation: {x: -0, y: -0, z: -0, w: 1}
  m_LocalPosition: {x: 0, y: 0, z: 0}
  m_LocalScale: {x: 1, y: 1, z: 1}
  m_Children: []
  m_Father: {fileID: 8437084004268349180}
  m_RootOrder: 3
  m_LocalEulerAnglesHint: {x: 0, y: 0, z: 0}
--- !u!33 &5333345838647282160
MeshFilter:
  m_ObjectHideFlags: 0
  m_CorrespondingSourceObject: {fileID: 0}
  m_PrefabInstance: {fileID: 0}
  m_PrefabAsset: {fileID: 0}
  m_GameObject: {fileID: 6510587830979002594}
  m_Mesh: {fileID: 4300000, guid: dbbef1c6cb6e11c44bb1ce0690e99730, type: 2}
--- !u!23 &1936275393008025198
MeshRenderer:
  m_ObjectHideFlags: 0
  m_CorrespondingSourceObject: {fileID: 0}
  m_PrefabInstance: {fileID: 0}
  m_PrefabAsset: {fileID: 0}
  m_GameObject: {fileID: 6510587830979002594}
  m_Enabled: 1
  m_CastShadows: 1
  m_ReceiveShadows: 1
  m_DynamicOccludee: 1
  m_MotionVectors: 1
  m_LightProbeUsage: 1
  m_ReflectionProbeUsage: 1
  m_RayTracingMode: 2
  m_RenderingLayerMask: 1
  m_RendererPriority: 0
  m_Materials:
  - {fileID: 2100000, guid: eb689f86740c72946a20ea293182961b, type: 2}
  - {fileID: 2100000, guid: eb689f86740c72946a20ea293182961b, type: 2}
  - {fileID: 2100000, guid: 2d7c1c1ab5252404a8b82f70578bf1dd, type: 2}
  m_StaticBatchInfo:
    firstSubMesh: 0
    subMeshCount: 0
  m_StaticBatchRoot: {fileID: 0}
  m_ProbeAnchor: {fileID: 0}
  m_LightProbeVolumeOverride: {fileID: 0}
  m_ScaleInLightmap: 1
  m_ReceiveGI: 1
  m_PreserveUVs: 0
  m_IgnoreNormalsForChartDetection: 0
  m_ImportantGI: 0
  m_StitchLightmapSeams: 1
  m_SelectedEditorRenderState: 2
  m_MinimumChartSize: 4
  m_AutoUVMaxDistance: 0.5
  m_AutoUVMaxAngle: 89
  m_LightmapParameters: {fileID: 0}
  m_SortingLayerID: 0
  m_SortingLayer: 0
  m_SortingOrder: 0
--- !u!64 &5017543936757879476
MeshCollider:
  m_ObjectHideFlags: 0
  m_CorrespondingSourceObject: {fileID: 0}
  m_PrefabInstance: {fileID: 0}
  m_PrefabAsset: {fileID: 0}
  m_GameObject: {fileID: 6510587830979002594}
  m_Material: {fileID: 0}
  m_IsTrigger: 0
  m_Enabled: 1
  serializedVersion: 4
  m_Convex: 0
  m_CookingOptions: 30
  m_Mesh: {fileID: 4300000, guid: dbbef1c6cb6e11c44bb1ce0690e99730, type: 2}
--- !u!114 &2149904671501990188
MonoBehaviour:
  m_ObjectHideFlags: 0
  m_CorrespondingSourceObject: {fileID: 0}
  m_PrefabInstance: {fileID: 0}
  m_PrefabAsset: {fileID: 0}
  m_GameObject: {fileID: 6510587830979002594}
  m_Enabled: 1
  m_EditorHideFlags: 0
  m_Script: {fileID: 11500000, guid: 7a5ac11cc976e418e8d13136b07e1f52, type: 3}
  m_Name: 
  m_EditorClassIdentifier: 
  m_AgentTypeID: 0
  m_CollectObjects: 0
  m_Size: {x: 10, y: 10, z: 10}
  m_Center: {x: 0, y: 2, z: 0}
  m_LayerMask:
    serializedVersion: 2
    m_Bits: 4294967295
  m_UseGeometry: 0
  m_DefaultArea: 0
  m_IgnoreNavMeshAgent: 1
  m_IgnoreNavMeshObstacle: 1
  m_OverrideTileSize: 0
  m_TileSize: 256
  m_OverrideVoxelSize: 0
  m_VoxelSize: 0.16666667
  m_BuildHeightMesh: 0
  m_NavMeshData: {fileID: 0}
--- !u!1 &7138952484639117862
GameObject:
  m_ObjectHideFlags: 0
  m_CorrespondingSourceObject: {fileID: 0}
  m_PrefabInstance: {fileID: 0}
  m_PrefabAsset: {fileID: 0}
  serializedVersion: 6
  m_Component:
  - component: {fileID: 8719923712321676853}
  m_Layer: 0
  m_Name: GameObject
  m_TagString: Untagged
  m_Icon: {fileID: 0}
  m_NavMeshLayer: 0
  m_StaticEditorFlags: 0
  m_IsActive: 1
--- !u!4 &8719923712321676853
Transform:
  m_ObjectHideFlags: 0
  m_CorrespondingSourceObject: {fileID: 0}
  m_PrefabInstance: {fileID: 0}
  m_PrefabAsset: {fileID: 0}
  m_GameObject: {fileID: 7138952484639117862}
  m_LocalRotation: {x: 0, y: 0, z: 0, w: 1}
  m_LocalPosition: {x: 0, y: 0, z: 0}
  m_LocalScale: {x: 1, y: 1, z: 1}
  m_Children: []
  m_Father: {fileID: 8437084004268349180}
  m_RootOrder: 4
  m_LocalEulerAnglesHint: {x: 0, y: 0, z: 0}
--- !u!1 &8556400484681628368
GameObject:
  m_ObjectHideFlags: 0
  m_CorrespondingSourceObject: {fileID: 0}
  m_PrefabInstance: {fileID: 0}
  m_PrefabAsset: {fileID: 0}
  serializedVersion: 6
  m_Component:
  - component: {fileID: 8437084004268349180}
  - component: {fileID: 4879535800260501097}
  m_Layer: 0
  m_Name: StartTile
  m_TagString: Untagged
  m_Icon: {fileID: 0}
  m_NavMeshLayer: 0
  m_StaticEditorFlags: 0
  m_IsActive: 1
--- !u!4 &8437084004268349180
Transform:
  m_ObjectHideFlags: 0
  m_CorrespondingSourceObject: {fileID: 0}
  m_PrefabInstance: {fileID: 0}
  m_PrefabAsset: {fileID: 0}
  m_GameObject: {fileID: 8556400484681628368}
  m_LocalRotation: {x: 0, y: 0, z: 0, w: 1}
  m_LocalPosition: {x: 0, y: 0.04, z: 0.01}
  m_LocalScale: {x: 1, y: 1, z: 1}
  m_Children:
  - {fileID: 6697189751637987058}
  - {fileID: 3107243467458908611}
  - {fileID: 3385571585282899865}
  - {fileID: 4578822882965576169}
  - {fileID: 8719923712321676853}
  - {fileID: 4952507640213691880}
  - {fileID: 3017274937950602285}
  - {fileID: 4996261265921439372}
  m_Father: {fileID: 0}
  m_RootOrder: 0
  m_LocalEulerAnglesHint: {x: 0, y: 0, z: 0}
--- !u!114 &4879535800260501097
MonoBehaviour:
  m_ObjectHideFlags: 0
  m_CorrespondingSourceObject: {fileID: 0}
  m_PrefabInstance: {fileID: 0}
  m_PrefabAsset: {fileID: 0}
  m_GameObject: {fileID: 8556400484681628368}
  m_Enabled: 1
  m_EditorHideFlags: 0
  m_Script: {fileID: 11500000, guid: 509cc2b4c6a7b9f41ba1f0ab10a3305d, type: 3}
  m_Name: 
  m_EditorClassIdentifier: 
  connectors:
  - {fileID: 3467730886952937777}
  - {fileID: 5184150313899439616}
  - {fileID: 3889712382938777451}
  meshCollider: {fileID: 5017543936757879476}
  possibleSpawnPoints:
  - {fileID: 7032500652092550923}
  - {fileID: 935942716629038798}
  - {fileID: 6950435515116012655}
  navMeshSurface: {fileID: 2149904671501990188}
--- !u!1001 &2851749270362209869
PrefabInstance:
  m_ObjectHideFlags: 0
  serializedVersion: 2
  m_Modification:
    m_TransformParent: {fileID: 8437084004268349180}
    m_Modifications:
    - target: {fileID: 1030463722580556384, guid: f7416b84ebad2094397d96a9fa784bad,
        type: 3}
      propertyPath: m_LocalPosition.x
      value: -2.2083762
      objectReference: {fileID: 0}
    - target: {fileID: 1030463722580556384, guid: f7416b84ebad2094397d96a9fa784bad,
        type: 3}
      propertyPath: m_LocalPosition.y
      value: 11
      objectReference: {fileID: 0}
    - target: {fileID: 1030463722580556384, guid: f7416b84ebad2094397d96a9fa784bad,
        type: 3}
      propertyPath: m_LocalPosition.z
      value: -4.8132496
      objectReference: {fileID: 0}
    - target: {fileID: 1030463722580556384, guid: f7416b84ebad2094397d96a9fa784bad,
        type: 3}
      propertyPath: m_LocalRotation.x
      value: -0
      objectReference: {fileID: 0}
    - target: {fileID: 1030463722580556384, guid: f7416b84ebad2094397d96a9fa784bad,
        type: 3}
      propertyPath: m_LocalRotation.y
      value: -0
      objectReference: {fileID: 0}
    - target: {fileID: 1030463722580556384, guid: f7416b84ebad2094397d96a9fa784bad,
        type: 3}
      propertyPath: m_LocalRotation.z
      value: -0
      objectReference: {fileID: 0}
    - target: {fileID: 1030463722580556384, guid: f7416b84ebad2094397d96a9fa784bad,
        type: 3}
      propertyPath: m_LocalRotation.w
      value: 1
      objectReference: {fileID: 0}
    - target: {fileID: 1030463722580556384, guid: f7416b84ebad2094397d96a9fa784bad,
        type: 3}
      propertyPath: m_RootOrder
      value: 6
      objectReference: {fileID: 0}
    - target: {fileID: 1030463722580556384, guid: f7416b84ebad2094397d96a9fa784bad,
        type: 3}
      propertyPath: m_LocalEulerAnglesHint.x
      value: 0
      objectReference: {fileID: 0}
    - target: {fileID: 1030463722580556384, guid: f7416b84ebad2094397d96a9fa784bad,
        type: 3}
      propertyPath: m_LocalEulerAnglesHint.y
      value: 0
      objectReference: {fileID: 0}
    - target: {fileID: 1030463722580556384, guid: f7416b84ebad2094397d96a9fa784bad,
        type: 3}
      propertyPath: m_LocalEulerAnglesHint.z
      value: 0
      objectReference: {fileID: 0}
    - target: {fileID: 4462683917407377030, guid: f7416b84ebad2094397d96a9fa784bad,
        type: 3}
      propertyPath: m_Name
      value: SpawnPoint (1)
      objectReference: {fileID: 0}
    m_RemovedComponents: []
  m_SourcePrefab: {fileID: 100100000, guid: f7416b84ebad2094397d96a9fa784bad, type: 3}
--- !u!4 &3017274937950602285 stripped
Transform:
  m_CorrespondingSourceObject: {fileID: 1030463722580556384, guid: f7416b84ebad2094397d96a9fa784bad,
    type: 3}
  m_PrefabInstance: {fileID: 2851749270362209869}
  m_PrefabAsset: {fileID: 0}
--- !u!114 &935942716629038798 stripped
MonoBehaviour:
  m_CorrespondingSourceObject: {fileID: 3129526936861313155, guid: f7416b84ebad2094397d96a9fa784bad,
    type: 3}
  m_PrefabInstance: {fileID: 2851749270362209869}
  m_PrefabAsset: {fileID: 0}
  m_GameObject: {fileID: 0}
  m_Enabled: 1
  m_EditorHideFlags: 0
  m_Script: {fileID: 11500000, guid: 930adcbe15492d947a0be8f2432bccb4, type: 3}
  m_Name: 
  m_EditorClassIdentifier: 
--- !u!1001 &3006520886887957274
PrefabInstance:
  m_ObjectHideFlags: 0
  serializedVersion: 2
  m_Modification:
    m_TransformParent: {fileID: 8437084004268349180}
    m_Modifications:
    - target: {fileID: 190958411095298777, guid: a67b29217e4357d4f95837102800c959,
        type: 3}
      propertyPath: m_LocalPosition.x
      value: -15
      objectReference: {fileID: 0}
    - target: {fileID: 190958411095298777, guid: a67b29217e4357d4f95837102800c959,
        type: 3}
      propertyPath: m_LocalPosition.y
      value: 11
      objectReference: {fileID: 0}
    - target: {fileID: 190958411095298777, guid: a67b29217e4357d4f95837102800c959,
        type: 3}
      propertyPath: m_LocalPosition.z
      value: 10
      objectReference: {fileID: 0}
    - target: {fileID: 190958411095298777, guid: a67b29217e4357d4f95837102800c959,
        type: 3}
      propertyPath: m_LocalRotation.x
      value: -0
      objectReference: {fileID: 0}
    - target: {fileID: 190958411095298777, guid: a67b29217e4357d4f95837102800c959,
        type: 3}
      propertyPath: m_LocalRotation.y
      value: -0
      objectReference: {fileID: 0}
    - target: {fileID: 190958411095298777, guid: a67b29217e4357d4f95837102800c959,
        type: 3}
      propertyPath: m_LocalRotation.z
      value: -0
      objectReference: {fileID: 0}
    - target: {fileID: 190958411095298777, guid: a67b29217e4357d4f95837102800c959,
        type: 3}
      propertyPath: m_LocalRotation.w
      value: 1
      objectReference: {fileID: 0}
    - target: {fileID: 190958411095298777, guid: a67b29217e4357d4f95837102800c959,
        type: 3}
      propertyPath: m_RootOrder
      value: 1
      objectReference: {fileID: 0}
    - target: {fileID: 190958411095298777, guid: a67b29217e4357d4f95837102800c959,
        type: 3}
      propertyPath: m_LocalEulerAnglesHint.x
      value: 0
      objectReference: {fileID: 0}
    - target: {fileID: 190958411095298777, guid: a67b29217e4357d4f95837102800c959,
        type: 3}
      propertyPath: m_LocalEulerAnglesHint.y
      value: 0
      objectReference: {fileID: 0}
    - target: {fileID: 190958411095298777, guid: a67b29217e4357d4f95837102800c959,
        type: 3}
      propertyPath: m_LocalEulerAnglesHint.z
      value: 0
      objectReference: {fileID: 0}
    - target: {fileID: 8799338472655365692, guid: a67b29217e4357d4f95837102800c959,
        type: 3}
      propertyPath: m_Name
      value: Tile Connector 1
      objectReference: {fileID: 0}
    m_RemovedComponents: []
  m_SourcePrefab: {fileID: 100100000, guid: a67b29217e4357d4f95837102800c959, type: 3}
--- !u!4 &3107243467458908611 stripped
Transform:
  m_CorrespondingSourceObject: {fileID: 190958411095298777, guid: a67b29217e4357d4f95837102800c959,
    type: 3}
  m_PrefabInstance: {fileID: 3006520886887957274}
  m_PrefabAsset: {fileID: 0}
--- !u!114 &3467730886952937777 stripped
MonoBehaviour:
  m_CorrespondingSourceObject: {fileID: 1848327489995483691, guid: a67b29217e4357d4f95837102800c959,
    type: 3}
  m_PrefabInstance: {fileID: 3006520886887957274}
  m_PrefabAsset: {fileID: 0}
  m_GameObject: {fileID: 0}
  m_Enabled: 1
  m_EditorHideFlags: 0
  m_Script: {fileID: 11500000, guid: d249b17286d670948b585016cfe77a97, type: 3}
  m_Name: 
  m_EditorClassIdentifier: 
--- !u!1001 &3196883669994450240
PrefabInstance:
  m_ObjectHideFlags: 0
  serializedVersion: 2
  m_Modification:
    m_TransformParent: {fileID: 8437084004268349180}
    m_Modifications:
    - target: {fileID: 190958411095298777, guid: a67b29217e4357d4f95837102800c959,
        type: 3}
      propertyPath: m_LocalPosition.x
      value: 0
      objectReference: {fileID: 0}
    - target: {fileID: 190958411095298777, guid: a67b29217e4357d4f95837102800c959,
        type: 3}
      propertyPath: m_LocalPosition.y
      value: 11
      objectReference: {fileID: 0}
    - target: {fileID: 190958411095298777, guid: a67b29217e4357d4f95837102800c959,
        type: 3}
      propertyPath: m_LocalPosition.z
      value: -5
      objectReference: {fileID: 0}
    - target: {fileID: 190958411095298777, guid: a67b29217e4357d4f95837102800c959,
        type: 3}
      propertyPath: m_LocalRotation.x
      value: -0
      objectReference: {fileID: 0}
    - target: {fileID: 190958411095298777, guid: a67b29217e4357d4f95837102800c959,
        type: 3}
      propertyPath: m_LocalRotation.y
      value: 0.7071068
      objectReference: {fileID: 0}
    - target: {fileID: 190958411095298777, guid: a67b29217e4357d4f95837102800c959,
        type: 3}
      propertyPath: m_LocalRotation.z
      value: -0
      objectReference: {fileID: 0}
    - target: {fileID: 190958411095298777, guid: a67b29217e4357d4f95837102800c959,
        type: 3}
      propertyPath: m_LocalRotation.w
      value: 0.7071068
      objectReference: {fileID: 0}
    - target: {fileID: 190958411095298777, guid: a67b29217e4357d4f95837102800c959,
        type: 3}
      propertyPath: m_RootOrder
      value: 2
      objectReference: {fileID: 0}
    - target: {fileID: 190958411095298777, guid: a67b29217e4357d4f95837102800c959,
        type: 3}
      propertyPath: m_LocalEulerAnglesHint.x
      value: 0
      objectReference: {fileID: 0}
    - target: {fileID: 190958411095298777, guid: a67b29217e4357d4f95837102800c959,
        type: 3}
      propertyPath: m_LocalEulerAnglesHint.y
      value: 90
      objectReference: {fileID: 0}
    - target: {fileID: 190958411095298777, guid: a67b29217e4357d4f95837102800c959,
        type: 3}
      propertyPath: m_LocalEulerAnglesHint.z
      value: 0
      objectReference: {fileID: 0}
    - target: {fileID: 8799338472655365692, guid: a67b29217e4357d4f95837102800c959,
        type: 3}
      propertyPath: m_Name
      value: Tile Connector 3
      objectReference: {fileID: 0}
    m_RemovedComponents: []
  m_SourcePrefab: {fileID: 100100000, guid: a67b29217e4357d4f95837102800c959, type: 3}
--- !u!4 &3385571585282899865 stripped
Transform:
  m_CorrespondingSourceObject: {fileID: 190958411095298777, guid: a67b29217e4357d4f95837102800c959,
    type: 3}
  m_PrefabInstance: {fileID: 3196883669994450240}
  m_PrefabAsset: {fileID: 0}
--- !u!114 &3889712382938777451 stripped
MonoBehaviour:
  m_CorrespondingSourceObject: {fileID: 1848327489995483691, guid: a67b29217e4357d4f95837102800c959,
    type: 3}
  m_PrefabInstance: {fileID: 3196883669994450240}
  m_PrefabAsset: {fileID: 0}
  m_GameObject: {fileID: 0}
  m_Enabled: 1
  m_EditorHideFlags: 0
  m_Script: {fileID: 11500000, guid: d249b17286d670948b585016cfe77a97, type: 3}
  m_Name: 
  m_EditorClassIdentifier: 
--- !u!1001 &5401546852284721032
PrefabInstance:
  m_ObjectHideFlags: 0
  serializedVersion: 2
  m_Modification:
    m_TransformParent: {fileID: 8437084004268349180}
    m_Modifications:
    - target: {fileID: 1030463722580556384, guid: f7416b84ebad2094397d96a9fa784bad,
        type: 3}
      propertyPath: m_LocalPosition.x
      value: -15.2408905
      objectReference: {fileID: 0}
    - target: {fileID: 1030463722580556384, guid: f7416b84ebad2094397d96a9fa784bad,
        type: 3}
      propertyPath: m_LocalPosition.y
      value: 11
      objectReference: {fileID: 0}
    - target: {fileID: 1030463722580556384, guid: f7416b84ebad2094397d96a9fa784bad,
        type: 3}
      propertyPath: m_LocalPosition.z
      value: 6.7652836
      objectReference: {fileID: 0}
    - target: {fileID: 1030463722580556384, guid: f7416b84ebad2094397d96a9fa784bad,
        type: 3}
      propertyPath: m_LocalRotation.x
      value: -0
      objectReference: {fileID: 0}
    - target: {fileID: 1030463722580556384, guid: f7416b84ebad2094397d96a9fa784bad,
        type: 3}
      propertyPath: m_LocalRotation.y
      value: -0
      objectReference: {fileID: 0}
    - target: {fileID: 1030463722580556384, guid: f7416b84ebad2094397d96a9fa784bad,
        type: 3}
      propertyPath: m_LocalRotation.z
      value: -0
      objectReference: {fileID: 0}
    - target: {fileID: 1030463722580556384, guid: f7416b84ebad2094397d96a9fa784bad,
        type: 3}
      propertyPath: m_LocalRotation.w
      value: 1
      objectReference: {fileID: 0}
    - target: {fileID: 1030463722580556384, guid: f7416b84ebad2094397d96a9fa784bad,
        type: 3}
      propertyPath: m_RootOrder
      value: 5
      objectReference: {fileID: 0}
    - target: {fileID: 1030463722580556384, guid: f7416b84ebad2094397d96a9fa784bad,
        type: 3}
      propertyPath: m_LocalEulerAnglesHint.x
      value: 0
      objectReference: {fileID: 0}
    - target: {fileID: 1030463722580556384, guid: f7416b84ebad2094397d96a9fa784bad,
        type: 3}
      propertyPath: m_LocalEulerAnglesHint.y
      value: 0
      objectReference: {fileID: 0}
    - target: {fileID: 1030463722580556384, guid: f7416b84ebad2094397d96a9fa784bad,
        type: 3}
      propertyPath: m_LocalEulerAnglesHint.z
      value: 0
      objectReference: {fileID: 0}
    - target: {fileID: 4462683917407377030, guid: f7416b84ebad2094397d96a9fa784bad,
        type: 3}
      propertyPath: m_Name
      value: SpawnPoint
      objectReference: {fileID: 0}
    m_RemovedComponents: []
  m_SourcePrefab: {fileID: 100100000, guid: f7416b84ebad2094397d96a9fa784bad, type: 3}
--- !u!4 &4952507640213691880 stripped
Transform:
  m_CorrespondingSourceObject: {fileID: 1030463722580556384, guid: f7416b84ebad2094397d96a9fa784bad,
    type: 3}
  m_PrefabInstance: {fileID: 5401546852284721032}
  m_PrefabAsset: {fileID: 0}
--- !u!114 &7032500652092550923 stripped
MonoBehaviour:
  m_CorrespondingSourceObject: {fileID: 3129526936861313155, guid: f7416b84ebad2094397d96a9fa784bad,
    type: 3}
  m_PrefabInstance: {fileID: 5401546852284721032}
  m_PrefabAsset: {fileID: 0}
  m_GameObject: {fileID: 0}
  m_Enabled: 1
  m_EditorHideFlags: 0
  m_Script: {fileID: 11500000, guid: 930adcbe15492d947a0be8f2432bccb4, type: 3}
  m_Name: 
  m_EditorClassIdentifier: 
--- !u!1001 &5411840683249847532
PrefabInstance:
  m_ObjectHideFlags: 0
  serializedVersion: 2
  m_Modification:
    m_TransformParent: {fileID: 8437084004268349180}
    m_Modifications:
    - target: {fileID: 1030463722580556384, guid: f7416b84ebad2094397d96a9fa784bad,
        type: 3}
      propertyPath: m_LocalPosition.x
      value: -28.412891
      objectReference: {fileID: 0}
    - target: {fileID: 1030463722580556384, guid: f7416b84ebad2094397d96a9fa784bad,
        type: 3}
      propertyPath: m_LocalPosition.y
      value: 11
      objectReference: {fileID: 0}
    - target: {fileID: 1030463722580556384, guid: f7416b84ebad2094397d96a9fa784bad,
        type: 3}
      propertyPath: m_LocalPosition.z
      value: -4.7435904
      objectReference: {fileID: 0}
    - target: {fileID: 1030463722580556384, guid: f7416b84ebad2094397d96a9fa784bad,
        type: 3}
      propertyPath: m_LocalRotation.x
      value: -0
      objectReference: {fileID: 0}
    - target: {fileID: 1030463722580556384, guid: f7416b84ebad2094397d96a9fa784bad,
        type: 3}
      propertyPath: m_LocalRotation.y
      value: -0
      objectReference: {fileID: 0}
    - target: {fileID: 1030463722580556384, guid: f7416b84ebad2094397d96a9fa784bad,
        type: 3}
      propertyPath: m_LocalRotation.z
      value: -0
      objectReference: {fileID: 0}
    - target: {fileID: 1030463722580556384, guid: f7416b84ebad2094397d96a9fa784bad,
        type: 3}
      propertyPath: m_LocalRotation.w
      value: 1
      objectReference: {fileID: 0}
    - target: {fileID: 1030463722580556384, guid: f7416b84ebad2094397d96a9fa784bad,
        type: 3}
      propertyPath: m_RootOrder
      value: 7
      objectReference: {fileID: 0}
    - target: {fileID: 1030463722580556384, guid: f7416b84ebad2094397d96a9fa784bad,
        type: 3}
      propertyPath: m_LocalEulerAnglesHint.x
      value: 0
      objectReference: {fileID: 0}
    - target: {fileID: 1030463722580556384, guid: f7416b84ebad2094397d96a9fa784bad,
        type: 3}
      propertyPath: m_LocalEulerAnglesHint.y
      value: 0
      objectReference: {fileID: 0}
    - target: {fileID: 1030463722580556384, guid: f7416b84ebad2094397d96a9fa784bad,
        type: 3}
      propertyPath: m_LocalEulerAnglesHint.z
      value: 0
      objectReference: {fileID: 0}
    - target: {fileID: 4462683917407377030, guid: f7416b84ebad2094397d96a9fa784bad,
        type: 3}
      propertyPath: m_Name
      value: SpawnPoint (2)
      objectReference: {fileID: 0}
    m_RemovedComponents: []
  m_SourcePrefab: {fileID: 100100000, guid: f7416b84ebad2094397d96a9fa784bad, type: 3}
--- !u!4 &4996261265921439372 stripped
Transform:
  m_CorrespondingSourceObject: {fileID: 1030463722580556384, guid: f7416b84ebad2094397d96a9fa784bad,
    type: 3}
  m_PrefabInstance: {fileID: 5411840683249847532}
  m_PrefabAsset: {fileID: 0}
--- !u!114 &6950435515116012655 stripped
MonoBehaviour:
  m_CorrespondingSourceObject: {fileID: 3129526936861313155, guid: f7416b84ebad2094397d96a9fa784bad,
    type: 3}
  m_PrefabInstance: {fileID: 5411840683249847532}
  m_PrefabAsset: {fileID: 0}
  m_GameObject: {fileID: 0}
  m_Enabled: 1
  m_EditorHideFlags: 0
  m_Script: {fileID: 11500000, guid: 930adcbe15492d947a0be8f2432bccb4, type: 3}
  m_Name: 
  m_EditorClassIdentifier: 
--- !u!1001 &6798000230868556843
PrefabInstance:
  m_ObjectHideFlags: 0
  serializedVersion: 2
  m_Modification:
    m_TransformParent: {fileID: 8437084004268349180}
    m_Modifications:
    - target: {fileID: 190958411095298777, guid: a67b29217e4357d4f95837102800c959,
        type: 3}
      propertyPath: m_LocalPosition.x
      value: -30
      objectReference: {fileID: 0}
    - target: {fileID: 190958411095298777, guid: a67b29217e4357d4f95837102800c959,
        type: 3}
      propertyPath: m_LocalPosition.y
      value: 11
      objectReference: {fileID: 0}
    - target: {fileID: 190958411095298777, guid: a67b29217e4357d4f95837102800c959,
        type: 3}
      propertyPath: m_LocalPosition.z
      value: -5
      objectReference: {fileID: 0}
    - target: {fileID: 190958411095298777, guid: a67b29217e4357d4f95837102800c959,
        type: 3}
      propertyPath: m_LocalRotation.x
      value: -0
      objectReference: {fileID: 0}
    - target: {fileID: 190958411095298777, guid: a67b29217e4357d4f95837102800c959,
        type: 3}
      propertyPath: m_LocalRotation.y
      value: 0.7071068
      objectReference: {fileID: 0}
    - target: {fileID: 190958411095298777, guid: a67b29217e4357d4f95837102800c959,
        type: 3}
      propertyPath: m_LocalRotation.z
      value: -0
      objectReference: {fileID: 0}
    - target: {fileID: 190958411095298777, guid: a67b29217e4357d4f95837102800c959,
        type: 3}
      propertyPath: m_LocalRotation.w
      value: -0.7071068
      objectReference: {fileID: 0}
    - target: {fileID: 190958411095298777, guid: a67b29217e4357d4f95837102800c959,
        type: 3}
      propertyPath: m_RootOrder
      value: 0
      objectReference: {fileID: 0}
    - target: {fileID: 190958411095298777, guid: a67b29217e4357d4f95837102800c959,
        type: 3}
      propertyPath: m_LocalEulerAnglesHint.x
      value: 0
      objectReference: {fileID: 0}
    - target: {fileID: 190958411095298777, guid: a67b29217e4357d4f95837102800c959,
        type: 3}
      propertyPath: m_LocalEulerAnglesHint.y
      value: 270
      objectReference: {fileID: 0}
    - target: {fileID: 190958411095298777, guid: a67b29217e4357d4f95837102800c959,
        type: 3}
      propertyPath: m_LocalEulerAnglesHint.z
      value: 0
      objectReference: {fileID: 0}
    - target: {fileID: 8799338472655365692, guid: a67b29217e4357d4f95837102800c959,
        type: 3}
      propertyPath: m_Name
      value: Tile Connector 2
      objectReference: {fileID: 0}
    m_RemovedComponents: []
  m_SourcePrefab: {fileID: 100100000, guid: a67b29217e4357d4f95837102800c959, type: 3}
--- !u!4 &6697189751637987058 stripped
Transform:
  m_CorrespondingSourceObject: {fileID: 190958411095298777, guid: a67b29217e4357d4f95837102800c959,
    type: 3}
  m_PrefabInstance: {fileID: 6798000230868556843}
  m_PrefabAsset: {fileID: 0}
--- !u!114 &5184150313899439616 stripped
MonoBehaviour:
  m_CorrespondingSourceObject: {fileID: 1848327489995483691, guid: a67b29217e4357d4f95837102800c959,
    type: 3}
  m_PrefabInstance: {fileID: 6798000230868556843}
  m_PrefabAsset: {fileID: 0}
  m_GameObject: {fileID: 0}
  m_Enabled: 1
  m_EditorHideFlags: 0
  m_Script: {fileID: 11500000, guid: d249b17286d670948b585016cfe77a97, type: 3}
  m_Name: 
  m_EditorClassIdentifier: 
